 Dungeon Crawl Stone Soup version 0.18-a0-1468-gaf180a1 (webtiles) character file.

133 namelastname112 the Insei (level 4, -5/38 HPs)
             Began as a Draconian Monk on Mar 2, 2016.
             Slain by a gnoll
             ... wielding a cursed -2 flail
              (8 damage)
             ... on level 3 of the Dungeon.
             The game lasted 00:02:02 (1534 turns).

namelastname112 the Insei (Draconian Monk)          Turns: 1534, Time: 00:02:02

Health: -5/38      AC:  6    Str: 14    XL:     4   Next: 93%
Magic:  4/4        EV: 18    Int: 10    God:
Gold:   172        SH:  0    Dex: 19    Spells: 0 memorised, 3 levels left

rFire  . . .     SeeInvis .       - Unarmed
rCold  . . .     Gourm    .     (armour unavailable)
rNeg   . . .     Faith    .     (no shield)
rPois  .         Spirit   .     (helmet restricted)
rElec  .         Dismiss  .     (no cloak)
rCorr  .         Reflect  .     (no gloves)
SustAt .         Harm     .     h - +0 pair of boots
MR     .....                    (no amulet)
Stlth  +++.......               (no ring)
                                (no ring)

@: agile, lethally poisoned (-5 -> -8), not resistant to hostile enchantments,
fairly stealthy
A: unfitting armour, cold-blooded, AC +5
a: no special abilities


You were on level 3 of the Dungeon.
You were not hungry.

You visited 1 branch of the dungeon, and saw 3 of its levels.

You collected 172 gold pieces.

Inventory:

Armour
 h - a +0 pair of boots (worn)
Scrolls
 b - 2 scrolls of random uselessness {unknown}
 d - 2 scrolls of identify {unknown}
 k - a scroll of teleportation {unknown}
Potions
 c - a potion of curing {unknown}
 e - a potion of might {unknown}
 f - a potion of agility
 g - a potion of haste {unknown}
 i - a potion of heal wounds {unknown}
Comestibles
 a - a bread ration
 j - a slice of pizza


   Skills:
 - Level 3.2 Fighting
 - Level 2.6 Dodging
 - Level 1.7 Stealth
 + Level 6.3 Unarmed Combat


You had 3 spell levels left.
You didn't know any spells.

Dungeon Overview and Level Annotations

Branches:
Dungeon (3/15)

Altars:
Gozag
Kikubaaqudgha
Pakellas
Ru


Innate Abilities, Weirdness & Mutations

Your plain brown scales are hard (AC +5).
Your body does not fit into most forms of armour.
You are cold-blooded and may be slowed by cold attacks.


Message History

The worker ant bites you but does no damage.
You hit the worker ant. You tail-slap the worker ant.
The worker ant is heavily wounded.
You feel sick. The worker ant bites you.
You punch the worker ant!
You kill the worker ant!
You feel sick.
You barely miss the gnoll.
Your tail-slap misses the gnoll.
The gnoll closely misses you.
You barely miss the gnoll.
You feel sick.
The gnoll hits you with an enchanted flail!
* * * LOW HITPOINT WARNING * * *
You are too injured to fight recklessly!
* * * LOW HITPOINT WARNING * * *
You feel sick.
Drink which item? (? for menu, Esc to quit)
It was a potion of agility.
You feel agile all of a sudden.
The gnoll hits you with an enchanted flail!
You die...

....^.......... ..
.#.##.#.#.######.##
.+....#.#.........#
.######.#.........#
..................
########..........
##....###.# #....#
#.# #....###@#
##....r##g#
#....gg†g.#
#.###.###.# #)# #.#
#... ##r###+# #..##
#r.###_+ ..##
#.g###+# #.# #..# #
#.#


You could see 2 gnolls.

Vanquished Creatures
  A worker ant (D:3)
  A gnoll (D:3)
  4 adders
  An ooze (D:2)
  2 worms (D:2)
  3 dart slugs
  4 bats (D:2)
  5 giant cockroaches
  7 goblins
  4 hobgoblins
  4 jackals (D:1)
  5 kobolds
  2 quokkas
  2 ball pythons (D:2)
  2 giant newts
  A rat (D:1)
48 creatures vanquished.

Notes
Turn   | Place    | Note
--------------------------------------------------------------
     0 | D:1      | namelastname112 the Draconian Monk began the quest for the Orb.
     0 | D:1      | Reached XP level 1. HP: 19/19 MP: 1/1
   226 | D:1      | Reached XP level 2. HP: 26/26 MP: 2/2
   650 | D:2      | Reached skill level 5 in Unarmed Combat
   650 | D:2      | Reached XP level 3. HP: 20/31 MP: 3/3
   723 | D:2      | Found an ancient bone altar of Kikubaaqudgha.
   742 | D:2      | Found an oddly glowing altar of Pakellas.
  1035 | D:2      | Found an opulent altar of Gozag.
  1114 | D:2      | Reached XP level 4. HP: 30/38 MP: 4/4
  1480 | D:3      | Found a sacrificial altar of Ru.
  1511 | D:3      | Reached skill level 6 in Unarmed Combat
  1534 | D:3      | Slain by a gnoll

Vault maps used:
D:1:      dpeg_arrival_stonehenge_8_columns
D:2:      lemuel_coloured_pillars_altar, grunt_temple_overflow_open,
          item_on_display_a
D:3:      lemuel_doored_altar, first_bread, serial_curves, eino_curves_01,
          eino_curves_04, uniq_jessica

Skill      XL: |  1  2  3  4 |
---------------+-------------+-----
Unarmed Combat | 5 6 |  6.3
Fighting       | |  3.2
Dodging        | |  2.6
Stealth        | |  1.7

Action                   |  1- 3 |  4- 6 || total
-------------------------+-------+-------++-------
Melee: Unarmed           |   113 |    44 ||   157
  Use: Potion            |       |     1 ||     1
 Stab: Sleeping          |     3 |     3 ||     6
  Eat: Chunk             |       |     2 ||     2
